 Dungeon Crawl Stone Soup version 0.30.1-4-g462c640d31 (webtiles) character file.

Game seed: 10114970253007545793

206 growler the Gusty (level 5, -6/28 HPs)
             Began as a Tengu Air Elementalist on Aug 31, 2023.
             Mangled by Sigmund
             ... wielding a +0 scythe
              (11 damage)
             ... on level 3 of the Dungeon.
             The game lasted 00:04:56 (3224 turns).

growler the Gusty (Tengu Air Elementalist)          Turns: 3224, Time: 00:04:57

Health: -6/28      AC:  2    Str:  8    XL:     5   Next: 84%
Magic:  11/11      EV: 14    Int: 18    God:
Gold:   144        SH:  0    Dex: 14    Spells: 0/10 levels left

rFire   . . .        c - +0 dagger
rCold   . . .        (no shield)
rNeg    . . .        a - +0 robe
rPois   .            (helmet restricted)
rElec   .            (no cloak)
rCorr   .            (no gloves)
SInv    .            (boots unavailable)
Will    .....        (no amulet)
Stlth   ++           (no ring)
HPRegen 0.24/turn    (no ring)
MPRegen 0.12/turn

%: no passive effects
@: flying quickly and evasively, quick
A: beak, talons 3, nimble flight
a: no special abilities


You were on level 3 of the Dungeon.
You visited 1 branch of the dungeon, and saw 3 of its levels.

You collected 144 gold pieces.

Inventory:

Hand Weapons
 c - a +0 dagger (weapon)
Armour
 a - a +0 robe (worn)
Jewellery
 g - a ring of see invisible
 l - an amulet of reflection
Scrolls
 f - a scroll of immolation {unknown}
 h - a scroll of blinking {unknown}
 j - 3 scrolls of vulnerability {unknown}
Potions
 d - 3 potions of curing {unknown}
 e - a potion of brilliance {unknown}
 i - a potion of heal wounds {unknown}
 k - a potion of might {unknown}


   Skills:
 - Level 2.1 Dodging
 - Level 2.0 Stealth
 + Level 3.4 Spellcasting
 + Level 4.2 Conjurations
 + Level 5.8 Air Magic


You couldn't memorise any spells.
You knew the following spells:

 Your Spells              Type           Power      Damage    Failure   Level
a - Shock                 Conj/Air       84%        1d8       1%          1
b - Static Discharge      Conj/Air       42%        2-4/arc   3%          2
c - Swiftness             Air            24%        N/A       4%          3
d - Airstrike             Air            12%        2d(2-18)  14%         4

Your spell library contained the following spells:

 Spells                   Type           Power      Damage    Failure   Level
 Poisonous Vapours        Pois/Air       26%        N/A       7%          2
 Vhi's Electric Charge    Tloc/Air       26%        N/A       14%         3
 Sting                    Tmut/Pois      12%        1d3       16%         1
 Arcjolt                  Conj/Air       10%        1d20      47%         5
 Olgreb's Toxic Radiance  Pois           3%         N/A       83%         4
 Plasma Beam              Fire/Air       6%         2x1d18    100%        6


Dungeon Overview and Level Annotations

Branches:
Dungeon (3/15)

Altars:
Sif Muna

Annotations:
D:3 Sigmund


Innate Abilities, Weirdness & Mutations

You have a beak for a mouth.
You have claws for feet.
Your magical nature lets you fly swiftly and evasively.


Message History

Sigmund shouts!
Sigmund barely misses you.
Casting: Shock (safe; 1% risk of failure)
Confirm with . or Enter, or press ? or * to list all spells.
Sigmund is struck by an arc of lightning.
Sigmund is moderately wounded.
You are struck by an arc of lightning.
Sigmund is struck by an arc of lightning.
Sigmund is moderately wounded.
The lightning grounds out.
Casting: Static Discharge (safe; 3% risk of failure)
Confirm with . or Enter, or press ? or * to list all spells.
Sigmund is struck by an arc of lightning.
Sigmund is heavily wounded.
You are struck by an arc of lightning.
The lightning grounds out.
Sigmund hits you with a +0 scythe!
Casting: Static Discharge (safe; 3% risk of failure)
Confirm with . or Enter, or press ? or * to list all spells.
Sigmund is struck by an arc of lightning.
Sigmund is heavily wounded.
You are struck by an arc of lightning.
The lightning grounds out.
Sigmund hits you with a +0 scythe.
Casting: Static Discharge (safe; 3% risk of failure)
Confirm with . or Enter, or press ? or * to list all spells.
Sigmund is struck by an arc of lightning.
Sigmund is severely wounded.
You are struck by an arc of lightning.
* * * LOW HITPOINT WARNING * * *
The lightning grounds out.
Casting: Static Discharge (safe; 3% risk of failure)
Confirm with . or Enter, or press ? or * to list all spells.
Sigmund is struck by an arc of lightning.
Sigmund is almost dead.
You are struck by an arc of lightning.
* * * LOW HITPOINT WARNING * * *
The lightning grounds out.
Sigmund closely misses you.
Okay, then.
You aren't carrying any items that you can evoke.
Magic courses through your body. Sigmund hits you with a +0 scythe!
You die...

########### #<........#
########... #.#######.#
#..@@....# ..# #.# #.######## #.#
.)# #.####.###### #.# #.#
#...........#######.#
..#######.####.####.......#.#
.....<.......#.# #..####.#.#
#########......####..####.#.#####
..>..###.........................
####............###.###..##....#


You could see Sigmund.

Vanquished Creatures
  Jessica (D:2)
  Natasha (thrice) (D:2)
  3 adders
  2 worms (D:2)
  6 endoplasms
  2 giant cockroaches
  8 goblins
  4 hobgoblins
  8 jackals
  5 quokkas
  10 ball pythons
  9 bats
  4 frilled lizards
  3 kobolds
  2 rats (D:2)
70 creatures vanquished.

Notes
Turn   | Place    | Note
-------+----------+-------------------------------------------
     0 | D:1      | growler the Tengu Air Elementalist began the quest for the
                  | Orb.
     0 | D:1      | Reached XP level 1. HP: 10/10 MP: 4/4
   118 | D:1      | Reached XP level 2. HP: 15/15 MP: 1/6
   121 | D:1      | Learned a level 2 spell: Static Discharge
   549 | D:1      | Reached XP level 3. HP: 19/19 MP: 2/7
   913 | D:1      | Learned a level 3 spell: Swiftness
  1085 | D:2      | Noticed Jessica
  1100 | D:2      | Killed Jessica
  1101 | D:2      | Reached XP level 4. HP: 24/24 MP: 3/9
  1195 | D:2      | Reached skill level 5 in Air Magic
  1694 | D:2      | Noticed Natasha
  1697 | D:2      | Killed Natasha
  1698 | D:2      | Gained mutation: Your magical nature lets you fly swiftly
                  | and evasively. [Tengu growth]
  1698 | D:2      | Reached XP level 5. HP: 28/28 MP: 6/10
  1936 | D:2      | Noticed Natasha
  1941 | D:2      | Killed Natasha
  2079 | D:2      | Noticed Natasha
  2085 | D:2      | Killed Natasha
  2688 | D:3      | Learned a level 4 spell: Airstrike
  2794 | D:3      | Found a shimmering blue altar of Sif Muna.
  3216 | D:3      | Noticed Sigmund
  3224 | D:3      | Mangled by Sigmund

Illustrated notes

Levels and vault maps discovered:
D:1:      onia_arrival_pyramid, layout_rooms
D:2:      layout_loops_cross, uniq_natasha, uniq_jessica
D:3:      wad_pebble_path, layout_loops_ring,
          mainiacjoe_overflow_small_starburst,
          nicolae_ecumenical_snake_handling, uniq_sigmund

Skill      XL: |  1  2  3  4  5 |
---------------+----------------+-----
Conjurations   | 2 3 4 |  4.2
Air Magic      | 5 |  5.8
Spellcasting   | 3 |  3.4
Dodging        | |  2.1
Stealth        | |  2.0

Action                     |  1- 3 |  4- 6 || total
---------------------------+-------+-------++-------
  Melee: Dagger            |    21 |       ||    21
         Unarmed           |     2 |       ||     2
         Kick              |     4 |       ||     4
         Peck              |     2 |       ||     2
         Punch             |     1 |       ||     1
   Cast: Shock             |    58 |    74 ||   132
         Static Discharge  |     1 |     8 ||     9
    Use: Potion            |       |     1 ||     1
   Stab: Distracted        |     1 |       ||     1
 Armour: Robe              |     3 |     2 ||     5
  Dodge: Dodged            |    17 |     8 ||    25
